 Dungeon Crawl Stone Soup version 0.24-a0-381-g637bb38 (webtiles) character file.

Game seed: 13681253352940676802

6316 pkoi the Carver (level 10, -2/83 HPs)
             Began as a Minotaur Fighter on June 3, 2019.
             Was a High Priest of Okawaru.
             Slain by Urug
             ... wielding a +2 demon trident of electrocution
              (3 damage)
             ... on level 10 of the Dungeon.
             The game lasted 00:14:45 (7790 turns).

pkoi the Carver (Minotaur Fighter)                  Turns: 7790, Time: 00:14:45

Health: -2/83      AC: 20    Str: 24    XL:     10   Next: 64%
Magic:  10/12      EV: 11    Int:  5    God:    Okawaru [*****.]
Gold:   217        SH:  9    Dex: 13    Spells: 9/9 levels left

rFire    . . .     SeeInvis +   z - +1 scimitar
rCold    + . .     Gourm    +   b - +2 buckler of Gozag's Pride {Dex+3}
rNeg     . . .     Faith    .   D - +0 plate armour
rPois    .         Spirit   .   (helmet restricted)
rElec    .         Reflect  .   (no cloak)
rCorr    .         Harm     .   s - +2 pair of gloves
MR       .....                  (no boots)
Stlth    ..........             y - amulet of the gourmand
HPRegen  0.23/turn              q - ring of see invisible
MPRegen  0.13/turn              l - ring of protection from cold

@: lethally poisoned (-2 -> -39), heroism, slowed, very slow
A: retaliatory headbutt, horns 2
a: Heroism, Finesse, Renounce Religion


You were on level 10 of the Dungeon.
You worshipped Okawaru.
Okawaru was extremely pleased with you.
You were completely stuffed.

You visited 2 branches of the dungeon, and saw 11 of its levels.

You collected 636 gold pieces.
You spent 419 gold pieces at shops.

Inventory:

Hand Weapons
 a - a +0 long sword
 z - a +1 scimitar (weapon)
Missiles
 o - 8 boomerangs (quivered)
 B - 4 atropa-tipped darts
 C - 14 silver javelins
Armour
 b - the +2 buckler of Gozag's Pride (worn) {Dex+3}
   (You bought it in a shop on level 7 of the Dungeon)

   It affects your dexterity (+3).
 s - a +2 pair of gloves (worn)
 D - a +0 plate armour (worn)
Jewellery
 l - a ring of protection from cold (right hand)
 q - a ring of see invisible (left hand)
 y - an amulet of the gourmand (around neck)
Wands
 F - a wand of flame (22)
Scrolls
 c - 2 scrolls of enchant armour
 g - 2 scrolls of identify
 i - 2 scrolls of fear
 k - 3 scrolls of teleportation
 u - 3 scrolls of fog
 w - a scroll of amnesia
 x - 3 scrolls of remove curse
Potions
 d - a potion of might
 e - a potion of heal wounds {unknown}
 h - 4 potions of brilliance
 j - 5 potions of curing
 m - a potion of ambrosia
 n - 3 potions of haste {unknown}
 p - a potion of invisibility {unknown}
 t - 2 potions of agility {unknown}
 v - 3 potions of cancellation {unknown}
 A - a potion of flight
Comestibles
 f - 15 rations


   Skills:
 - Level 6.2(11.2) Fighting
 + Level 10.2(15.2) Long Blades
 + Level 6.7(11.7) Throwing
 + Level 9.3(14.3) Armour
 - Level 2.3(7.3) Dodging
 + Level 9.2(14.2) Shields
 + Level 4.6 Invocations


You had 9 spell levels left.
You didn't know any spells.
Your spell library contained the following spells:

 Spells                   Type           Power        Failure   Level  Hunger
 Corona                   Hex            #......      99%         1    ##.....
 Freeze                   Ice            #...         99%         1    ##.....
 Ensorcelled Hibernation  Hex/Ice        #.....       100%        2    ###....
 Throw Frost              Conj/Ice       #.....       100%        2    ###....
 Confuse                  Hex            #.......     100%        3    ####...
 Dazzling Spray           Conj/Hex       #.....       100%        3    ####...
 Ozocubu's Armour         Chrm/Ice       #.......     100%        3    ####...
 Tukima's Dance           Hex            #.......     100%        3    ####...
 Summon Ice Beast         Ice/Summ       #.......     100%        4    #####..
 Throw Icicle             Conj/Ice       #.......     100%        4    #####..


Dungeon Overview and Level Annotations

Branches:
Dungeon (10/15)            Temple (1/1) D:7
   Lair: D:8-11         Orc: D:9-12

Altars:
Ashenzari
Cheibriados
Dithmenos
Elyvilon
Fedhas
Gozag
Hepliaklqana
Kikubaaqudgha
Makhleb
Nemelex Xobeh
Okawaru
Qazlal
Ru
Sif Muna
Trog
Uskayaw
Vehumet
Wu Jian
Xom
Yredelemnul
Zin
The Shining One

Shops:
D:7 *[:[   D:9 !*}

Annotations:
D:4 1 runed translucent door, Crazy Yiuf
D:8 exclusion: statue
D:10 Sonja, Urug


Innate Abilities, Weirdness & Mutations

You reflexively headbutt those who attack you in melee.
You have a pair of horns on your head.


Message History

The steam dragon breathes steam at you. The ball of steam hits you.
* * * LOW HITPOINT WARNING * * *
Urug shouts!
You gain the combat prowess of a mighty hero.
You are engulfed in a cloud of scalding steam.
* * * LOW HITPOINT WARNING * * *
x2 You feel very sick.
Sonja throws a curare-tipped dart.
The curare-tipped dart hits you.
You are lethally poisoned!
You have difficulty breathing.
* * * LOW HITPOINT WARNING * * *
You feel as though you will be slow longer.
Sonja throws a curare-tipped dart.
The curare-tipped dart hits you.
You are more poisoned.
You have difficulty breathing.
* * * LOW HITPOINT WARNING * * *
You feel as though you will be slow longer.
Urug hits you with a +2 demon trident of electrocution.
You die...

#... ..# #...#
###..###. #...#
#.......
####...#####.#...###
...........#.........
.......(.§......# ..
......D..K.#..#.# .#
####§§.#####..#.#..#
#@o.# #.......# #.§.#
##.<.(..# #...#
###.#### ##.## #...
..# ##### .. .. .#.


You could see Urug, a steam dragon and Sonja.

Vanquished Creatures
  2 two-headed ogres
  Joseph (D:7)
  A troll (D:10)
  A hippogriff (D:7)
  Prince Ribbit (D:9)
  6 humans
  A hungry ghost (D:4)
  2 water moccasins (D:8)
  2 ice beasts
  4 orc warriors
  3 black bears (D:7)
  3 phantoms
  A sky beast (D:7)
  4 ogres
  A centaur (D:8)
  A big kobold (D:7)
  A bullfrog (D:7)
  A scorpion (D:5)
  2 electric eels (D:8)
  A howler monkey (D:4)
  6 crimson imps
  A quasit (D:8)
  2 bullfrog skeletons (D:5)
  2 hounds
  3 jellies
  3 orc wizards
  3 orc priests
  Natasha (thrice) (D:2)
  4 worker ants
  A killer bee zombie (D:6)
  A hound skeleton (D:8)
  A howler monkey zombie (D:6)
  6 adders
  A river rat (D:6)
  A shadow imp (D:5)
  2 oozes
  2 adder skeletons
  2 adder zombies
  7 worms
  3 dart slugs
  3 leopard geckos
  19 orcs
  A ball python (D:4)
  5 giant cockroaches
  7 goblins
  7 hobgoblins
  18 jackals
  13 kobolds
  4 quokkas
  4 bats
  2 frilled lizards
  A leopard gecko skeleton (D:5)
  A quokka skeleton (D:4)
  6 rats
184 creatures vanquished.

Notes
Turn   | Place    | Note
-------+----------+-------------------------------------------
     0 | D:1      | pkoi the Minotaur Fighter began the quest for the Orb.
     0 | D:1      | Reached XP level 1. HP: 19/19 MP: 0/0
   184 | D:1      | Reached XP level 2. HP: 27/27 MP: 1/1
   447 | D:1      | Reached skill level 3 in Long Blades
   725 | D:1      | Reached XP level 3. HP: 33/33 MP: 2/2
   901 | D:2      | Reached skill level 1 in Dodging
  1009 | D:2      | Reached XP level 4. HP: 14/40 MP: 3/3
  1251 | D:2      | Found a sparkling altar of Nemelex Xobeh.
  1312 | D:2      | Noticed Natasha
  1314 | D:2      | Killed Natasha
  1326 | D:2      | Found an iron altar of Okawaru.
  1326 | D:2      | Found a shadowy altar of Dithmenos.
  1346 | D:2      | Became a worshipper of Warmaster Okawaru
  1362 | D:2      | Noticed Natasha
  1369 | D:2      | Killed Natasha
  1547 | D:2      | Noticed Natasha
  1560 | D:2      | Killed Natasha
  1560 | D:2      | Reached skill level 4 in Long Blades
  1560 | D:2      | Reached XP level 5. HP: 30/47 MP: 4/4
  1561 | D:2      | Reached skill level 1 in Throwing
  1628 | D:2      | Found a glowing silver altar of Zin.
  2513 | D:4      | Got a crude large shield
  2524 | D:4      | Identified the +1 large shield of a Gauntlet {rPois MR-
                  | Regen+ Int+6} (You found it on level 4 of the Dungeon)
  2572 | D:4      | Noticed an ogre
  2582 | D:4      | Killed an ogre
  2582 | D:4      | Reached XP level 6. HP: 27/53 MP: 5/5
  2698 | D:4      | Found a shimmering altar of Xom.
  2739 | D:4      | Noticed a hungry ghost
  2741 | D:4      | Reached skill level 5 in Long Blades
  2752 | D:4      | Killed a hungry ghost
  2752 | D:4      | Reached * piety under Okawaru
  2752 | D:4      | Reached skill level 5 in Fighting
  2752 | D:4      | Reached skill level 5 in Armour
  2752 | D:4      | Reached skill level 5 in Shields
  2752 | D:4      | Reached XP level 7. HP: 61/61 MP: 6/6
  2973 | D:4      | Found a runed translucent door.
  2974 | D:4      | Noticed Crazy Yiuf
  3335 | D:5      | Entered Level 5 of the Dungeon
  3342 | D:5      | Reached skill level 6 in Long Blades
  3375 | D:5      | Found a snail-covered altar of Cheibriados.
  3406 | D:5      | Reached ** piety under Okawaru
  3580 | D:5      | Found a shattered altar of Ashenzari.
  3917 | D:6      | Noticed a human
  3917 | D:6      | Noticed a human
  3918 | D:6      | Noticed a human
  3919 | D:6      | Noticed a human
  3919 | D:6      | Noticed a human
  3953 | D:5      | Killed a human
  3953 | D:5      | Reached XP level 8. HP: 60/70 MP: 7/7
  3983 | D:5      | Reached skill level 7 in Long Blades
  4122 | D:6      | Reached *** piety under Okawaru
  4376 | D:6      | Reached skill level 8 in Long Blades
  4498 | D:6      | Received a gift from Okawaru
  4498 | D:6      | Reached XP level 9. HP: 75/75 MP: 8/8
  4837 | D:7      | Reached **** piety under Okawaru
  4873 | D:7      | Found a bloodstained altar of Trog.
  4899 | D:7      | Noticed Joseph
  4916 | D:7      | Killed Joseph
  4916 | D:7      | Reached skill level 5 in Throwing
  4916 | D:7      | Reached skill level 1 in Invocations
  4949 | D:7      | Received a gift from Okawaru
  4999 | D:7      | Found Dolied's Armour Shoppe.
  5077 | D:7      | Reached skill level 9 in Long Blades
  5152 | D:7      | Found Taruqut's Book Shop.
  5248 | D:7      | Found a staircase to the Ecumenical Temple.
  5255 | Temple   | Entered the Ecumenical Temple
  5346 | D:7      | Found Ribu Qef's Antique Armour Boutique.
  5353 | D:7      | Bought a jewelled buckler for 275 gold pieces
  5363 | D:7      | Identified the +2 buckler of Gozag's Pride {Dex+3} (You
                  | bought it in a shop on level 7 of the Dungeon)
  5480 | D:7      | Found Odeleph's General Store.
  5488 | D:7      | Bought a potion of curing for 39 gold pieces
  5903 | D:8      | Reached ***** piety under Okawaru
  6018 | D:7      | Found a white marble altar of Elyvilon.
  6039 | D:8      | Noticed a two-headed ogre
  6053 | D:7      | Reached XP level 10. HP: 80/83 MP: 11/11
  6068 | D:8      | Killed a two-headed ogre
  6129 | D:8      | Found a radiant altar of Vehumet.
  6792 | D:8      | Received a gift from Okawaru
  7100 | D:9      | Found Fuafefichi's Gadget Shop.
  7224 | D:9      | Noticed Prince Ribbit
  7225 | D:9      | Found Coaxt's Assorted Antiques.
  7242 | D:9      | Killed Prince Ribbit
  7282 | D:9      | Found a basalt altar of Yredelemnul.
  7363 | D:9      | Noticed a two-headed ogre
  7370 | D:9      | Killed a two-headed ogre
  7370 | D:9      | Reached skill level 10 in Long Blades
  7493 | D:9      | Received a gift from Okawaru
  7570 | D:9      | Found Liskaoll's Distillery.
  7576 | D:9      | Bought 2 potions of lignification for 90 gold pieces
  7576 | D:9      | Bought a potion of degeneration for 15 gold pieces
  7658 | D:10     | Entered Level 10 of the Dungeon
  7785 | D:10     | Noticed Sonja
  7787 | D:10     | Noticed Urug
  7790 | D:10     | HP: 1/83 [asphyx]
  7790 | D:10     | Slain by Urug

Levels and vault maps discovered:
D:1:      sevenhm_arrival_forest_fort_small_3, layout_loops_ring,
          hangedman_abyss_or_decor_stabs, minmay_hedge_maze, dk_noncrumbling_4,
          grunt_decor_cap
D:2:      layout_rooms, gammafunk_temple_overflow_elements, lemuel_doored_altar,
          old_standard_altar, uniq_natasha
D:3:      layout_rooms, minmay_misc_feat_square, skrybe_limestone_x
D:4:      wander_river, layout_gridville, lemuel_round_altar,
          uniq_crazy_yiuf_cottage
D:5:      layout_rooms, lemuel_round_altar, cheibriados_altar_1, first_ration
D:6:      layout_loops_cross, portal_sewer_entry_e, minmay_ruffians
D:7:      layout_basic, nicolae_overflow_hidden_temple,
          minmay_temple_entry_hall, serial_shops, kennysheep_mini,
          nicolae_shop_stone, nicolae_shop_stone, shop_fountains,
          grunt_ogre_cave, trog_three_pillars_becter, uniq_joseph
D:8:      layout_loops_ring, vehumet_statue, water_boxes_lemuel
D:9:      layout_gridville, old_standard_altar, serial_shops,
          nicolae_shop_behind_doors, shop_fountains, shop_fountains,
          uniq_prince_ribbit1
D:10:     layout_loops_cross, uniq_sonja, uniq_urug
Temple:   nicolae_temple_x_marks_the_god

Skill      XL: |  1  2  3  4  5  6  7  8  9 10 |
---------------+-------------------------------+-----
Long Blades    | 3 4 5 6 8 9 10 | 10.2
Fighting       | 4 5 6 |  6.2
Dodging        | 1 2 |  2.3
Armour         | 4 5 7 8 9 |  9.3
Shields        | 4 5 6 8 9 |  9.2
Throwing       | 1 2 3 4 5 6 |  6.7
Invocations    | 3 4 |  4.6

Action                   |  1- 3 |  4- 6 |  7- 9 | 10-12 || total
-------------------------+-------+-------+-------+-------++-------
Melee: Long sword        |    61 |       |    85 |       ||   146
       Headbutt          |    13 |    15 |    70 |    26 ||   124
       Whip              |    37 |    90 |    55 |       ||   182
       Scimitar          |       |       |   190 |   108 ||   298
Throw: Boomerang         |     4 |     2 |    10 |    15 ||    31
Invok: Heroism           |       |       |     4 |     3 ||     7
  Use: Scroll            |     2 |     3 |     5 |     4 ||    14
  Eat: Chunk             |       |     6 |    27 |     5 ||    38
Armor: Scale mail        |    43 |    33 |    70 |       ||   146
       Plate armour      |       |       |    32 |    70 ||   102
Dodge: Dodged            |    26 |    19 |    68 |    49 ||   162
Block: Shield            |    47 |    18 |       |       ||    65
       Large shield      |       |    18 |   198 |       ||   216
       Buckler           |       |       |    23 |    48 ||    71
       Rpst.: Long sword |     2 |       |     2 |       ||     4
       Scimitar          |       |       |    13 |    10 ||    23

Table legend:
 A = Non-vault XP
 B = Vault XP
 C = Vault XP percentage of total XP
 D = Non-vault monster count
 E = Vault monster count
 F = Vault count percentage of total count
                 A         B        C        D         E       F
            +---------+---------+-------+---------+---------+-------
      Total |    6938 |    2086 |  23.1 |     166 |      18 |   9.8
            +---------+---------+-------+---------+---------+-------
        D:1 |      47 |       0 |   0.0 |      25 |       0 |   0.0
        D:2 |     173 |      36 |  17.2 |      26 |       1 |   3.7
        D:3 |      26 |       0 |   0.0 |      10 |       0 |   0.0
        D:4 |     698 |       0 |   0.0 |      11 |       0 |   0.0
        D:5 |     465 |     202 |  30.3 |      18 |       1 |   5.3
        D:6 |     653 |    1014 |  60.8 |      21 |      13 |  38.2
        D:7 |    1285 |     588 |  31.4 |      16 |       2 |  11.1
        D:8 |    2114 |       0 |   0.0 |      34 |       0 |   0.0
        D:9 |    1136 |     246 |  17.8 |       3 |       1 |  25.0
       D:10 |     341 |       0 |   0.0 |       2 |       0 |   0.0
            +---------+---------+-------+---------+---------+-------
